 Dungeon Crawl Stone Soup version 0.31-a0-963-ga325b2283a (webtiles) character file.

Game seed: 2053933162947811773

7 Arcadio the Chiller (level 2, 0/20 HPs)
             Began as a Ghoul Ice Elementalist on Oct 24, 2023.
             Slain by a kobold
             ... wielding a +0 short sword
              (3 damage)
             ... on level 1 of the Dungeon.
             The game lasted 00:00:51 (196 turns).

Arcadio the Chiller (Ghoul Ice Elementalist)         Turns: 196, Time: 00:00:52

Health: 0/20       AC:  2    Str: 11    XL:     2   Next: 4%
Magic:  1/3        EV: 12    Int: 10    God:
Gold:   49         SH:  0    Dex:  9    Spells: 3/4 levels left

rFire   . . .        (no weapon)
rCold   + . .        (no shield)
rNeg    + + +        a - +0 robe
rPois   ∞            (no helmet)
rElec   .            (no cloak)
rCorr   .            (no gloves)
SInv    .            (no boots)
Will    .....        (no amulet)
Stlth   ++           (no ring)
HPRegen 0.00/turn    (no ring)
MPRegen 0.08/turn

%: no passive effects
@: inhibited regen
A: claws 1, cold resistance 1, negative energy resistance 3, inhibited
regeneration, torment resistance 2, devour on kill
a: no special abilities


You were on level 1 of the Dungeon.
You visited 1 branch of the dungeon, and saw 1 of its levels.

You collected 49 gold pieces.

Inventory:

Armour
 a - a +0 robe (worn)
Potions
 b - a potion of magic


   Skills:
 + Level 2.0 Dodging
 + Level 2.4 Stealth
 + Level 1.9 Spellcasting
 + Level 4.5 Ice Magic


You had 3 spell levels left.
You knew the following spells:

 Your Spells              Type           Power      Damage    Failure   Level
a - Freeze                Ice            36%        1d5       4%          1

Your spell library contained the following spells:

 Spells                   Type           Power      Damage    Failure   Level
 Frozen Ramparts          Ice            18%        1d3       16%         3
 Ozocubu's Armour         Ice            9%         N/A       16%         3
 Volatile Blastmotes      Fire/Tloc      0%         2d10      67%         3
 Summon Ice Beast         Ice/Summ       5%         N/A       77%         4
 Fulminant Prism          Conj/Hex       0%         3d5       97%         4
 Iskenderun's Mystic Bla  Conj/Tloc      0%         2d3       97%         4


Dungeon Overview and Level Annotations

Branches:
Dungeon (1/15) Zot: 5803

Altars:


Innate Abilities, Weirdness & Mutations

You are immune to poison.
You have sharp fingernails.
Your flesh is cold resistant. (rC+)
You are immune to negative energy. (rN+++)
You do not regenerate when monsters are visible.
You are immune to unholy pain and torment.
You thrive by killing the living.


Message History

The kobold shouts!
The endoplasm quivers.
The bat misses you.
The endoplasm moves out of view.
The bat hits you but does no damage.
Your magical contamination has completely faded away.
You closely miss the bat.
The bat is moderately wounded.
The bat barely misses you. The bat misses you.
You barely miss the bat.
The bat is moderately wounded.
The bat closely misses you. x2
The bat barely misses you.
A ball python comes into view.
The bat hits you but does no damage.
Casting: Freeze (safe; 4% risk of failure)
Confirm with . or Enter, or press ? or * to list all spells.
Aiming: Freeze (safe; 4% risk of failure)
Press: ? - help, Shift-Dir - straight line, f/p - bat
Aim: a bat (moderately wounded)
You freeze the bat.
You kill the bat!
You feel better.
The ball python hisses angrily.
Your Dodging skill increases to level 2!
You have reached level 2!
A goblin comes into view. It is wielding a +0 club.
The goblin shouts!
An endoplasm comes into view.
The endoplasm quivers.
The kobold attacks as it pursues you!
The kobold hits you with a +0 short sword.
* * * LOW HITPOINT WARNING * * *
The endoplasm barely misses you.
An endoplasm and a bat come into view.
The bat hits you but does no damage. The bat closely misses you.
The bat barely misses you. The bat barely misses you.
The kobold attacks as it pursues you!
The kobold hits you with a +0 short sword.
You die...

#.##...##.........#..
#####.##..###....?....#..
###........................
.......................##..
##...#.....###.........#..
#.........................
##......................##
##...............>.......#
###....J.#(..@.............#
##
#....g...#..Kb............#
#.?#.###....#...J............
#........####.S.........
#.......####g...........
#.......J..J...........#
#.......###.#..........#
####....# #.#..........#
####.. #.#....$.....


You could see 2 endoplasms, a goblin, a bat, a ball python and a kobold.

Vanquished Creatures
  3 bats (D:1)
  An endoplasm (D:1)
  A goblin (D:1)
  A hobgoblin (D:1)
6 creatures vanquished.

Notes
Turn   | Place    | Note
-------+----------+-------------------------------------------
     0 | D:1      | Arcadio the Ghoul Ice Elementalist began the quest for the
                  | Orb.
     0 | D:1      | Reached XP level 1. HP: 14/14 MP: 2/2
   177 | D:1      | Reached XP level 2. HP: 5/20 MP: 0/3
   196 | D:1      | Slain by a kobold

Illustrated notes

Levels and vault maps discovered:
D:1:      nzn_arrival_depleted_hourglass, layout_rooms, basic_ecumenical_altar

Skill      XL: |  1 |
---------------+----+-----
Dodging        | 2 |  2.0
Stealth        | |  2.4
Spellcasting   | |  1.9
Ice Magic      | |  4.5

Action                     || total
---------------------------++-------
  Melee: Unarmed           ||    12
   Cast: Freeze            ||     9
 Armour: Robe              ||    20
  Dodge: Dodged            ||    26

Table legend: (Time is in decaauts)
 A = Elapsed time spent in this place.
 B = Non-inter-level travel time spent in this place.
 C = Inter-level travel time spent in this place.
 D = Time resting spent in this place.
 E = Time spent auto-exploring this place.
 F = Levels seen in this place.
 G = Mean time per level.
                   A        B        C        D        E       F      G
               +--------+--------+--------+--------+--------+-----+--------+
         Total |    196 |    196 |      0 |      0 |     96 |   1 |  196.0 |
       Dungeon |    196 |    196 |      0 |      0 |     96 |   1 |  196.0 |
               +--------+--------+--------+--------+--------+-----+--------+

Top non-repeatable levels by time:
     D:1: 196 daAuts
